 Dungeon Crawl Stone Soup version 0.29.1-14-g9c671dbff4 (webtiles) character file.

Game seed: 5732835184096745911

203 MacCMillion the Ruffian (level 5, -1/53 HPs)
             Began as a Troll Fighter on Feb 20, 2023.
             Slain by a water moccasin (3 damage)
             ... on level 5 of the Dungeon.
             The game lasted 00:02:53 (3019 turns).

MacCMillion the Ruffian (Troll Fighter)             Turns: 3019, Time: 00:02:54

Health: -1/53      AC:  7    Str: 24    XL:     5   Next: 51%
Magic:  4/4        EV:  8    Int:  6    God:
Gold:   177        SH:  7    Dex:  9    Spells: 4/4 levels left

rFire   . . .      SeeInvis .     - Unarmed
rCold   + . .      Faith    .   b - +0 kite shield
rNeg    . . .      Spirit   .   r - +0 robe {rC+}
rPois   .          Reflect  .   (helmet restricted)
rElec   .          Harm     .   x - +2 cloak
rCorr   .          Rampage  .   (gloves unavailable)
Will    .....                   (boots unavailable)
Stlth   +.........              (no amulet)
HPRegen 0.97/turn               (no ring)
MPRegen 0.09/turn               (no ring)

@: lethally poisoned (-1 -> -1)
A: large, unfitting armour, claws 3, regeneration 1, shaggy fur 1, tough skin 1
a: no special abilities


You were on level 5 of the Dungeon.
You visited 2 branches of the dungeon, and saw 6 of its levels.

You collected 177 gold pieces.

Inventory:

Armour
 b - a +0 kite shield (worn)
 r - a +0 robe of cold resistance (worn)
 x - a +2 cloak (worn)
Jewellery
 e - a ring of magical power
 s - a ring of magical power
Scrolls
 d - 4 scrolls of butterflies {unknown}
 f - 3 scrolls of immolation {unknown}
 g - 5 scrolls of identify {unknown}
 h - a scroll of summoning {unknown}
 k - 2 scrolls of fear {unknown}
 l - a scroll of enchant armour {unknown}
 n - a scroll of torment {unknown}
 o - 3 scrolls of teleportation {unknown}
 q - a scroll of poison {unknown}
 v - a scroll of enchant weapon {unknown}
Potions
 c - a potion of might
 i - 2 potions of curing {unknown}
 j - a potion of magic {unknown}
 m - 2 potions of degeneration {unknown}
 p - a potion of resistance {unknown}
 t - a potion of mutation {unknown}
 u - a potion of berserk rage {unknown}
 w - a potion of flight {unknown}


   Skills:
 + Level 3.2 Fighting
 - Level 2.4 Dodging
 + Level 3.6 Shields
 * Level 4.3 Unarmed Combat


You had 4 spell levels left.
You didn't know any spells.
Your spell library contained the following spells:

 Spells                   Type           Power      Damage    Failure   Level
 Sting                    Tmut/Pois      0%         1d3       75%         1
 Poisonous Vapours        Pois/Air       0%         N/A       87%         2
 Summon Guardian Golem    Hex/Summ       0%         N/A       98%         3
 Olgreb's Toxic Radiance  Pois           0%         N/A       100%        4
 Orb of Destruction       Conj           0%         9d5       100%        7
 Spellforged Servitor     Conj/Summ      0%         N/A       100%        7


Dungeon Overview and Level Annotations

Branches:
Dungeon (5/15)             Temple (1/1) D:4

Altars:
Ashenzari
Elyvilon
Kikubaaqudgha
Makhleb
Qazlal
Ru
Sif Muna
Xom
Yredelemnul
Zin
The Shining One

Annotations:
D:3 2 transporters, Inner's ghost, amateur NaBe
D:4 2 transporters


Innate Abilities, Weirdness & Mutations

You are too large for most types of armour.
You have claws for hands.
Your natural rate of healing is unusually fast.
You are covered in fur. (AC +1)
You have tough skin. (AC +1)


Message History

You barely miss the water moccasin.
The water moccasin is moderately wounded.
You feel very sick. The water moccasin bites you!
Unknown command.
You miss the water moccasin.
The water moccasin is moderately wounded.
You feel very sick. The water moccasin bites you.
* * * LOW HITPOINT WARNING * * *
You miss the water moccasin.
The water moccasin is moderately wounded.
You feel very sick. You block the water moccasin's attack.
The water moccasin bites you.
* * * LOW HITPOINT WARNING * * *
You claw the water moccasin!
The water moccasin is severely wounded.
You feel sick.
The water moccasin bites you but does no damage.
You miss the water moccasin.
The water moccasin is severely wounded.
You feel sick. The water moccasin bites you.
* * * LOW HITPOINT WARNING * * *
The water moccasin bites you but does no damage.
You barely miss the water moccasin.
The water moccasin is severely wounded.
You feel sick. You block the water moccasin's attack.
You miss the water moccasin.
The water moccasin is severely wounded.
You feel sick. You block the water moccasin's attack.
The water moccasin bites you but does no damage.
You closely miss the water moccasin.
The water moccasin is severely wounded.
You feel sick. You block the water moccasin's attack.
Unknown command.
You closely miss the water moccasin.
The water moccasin is severely wounded.
You feel sick. The water moccasin closely misses you.
The water moccasin bites you.
You die...

..# ##.#
.#.# ...
..# #
#.####.#
#.#...
#<#.##
#.@S.#
#.!.......
##...#####
#.....
#...###
.....
.(....
......$


You could see a water moccasin.

Vanquished Creatures
  A centaur (D:4)
  An iguana (D:4)
  A hound zombie (D:3)
  2 adders (D:4)
  An adder zombie (D:3)
  A worm (D:3)
  8 endoplasms
  4 giant cockroaches
  2 goblins
  3 hobgoblins
  4 jackals (D:1)
  4 kobolds
  3 quokkas
  7 ball pythons
  6 bats
  4 frilled lizards
  A giant cockroach zombie (D:3)
  5 rats
58 creatures vanquished.

Notes
Turn   | Place    | Note
-------+----------+-------------------------------------------
     0 | D:1      | MacCMillion the Troll Fighter began the quest for the Orb.
     0 | D:1      | Reached XP level 1. HP: 22/22 MP: 0/0
   167 | D:1      | Reached XP level 2. HP: 29/29 MP: 1/1
   647 | D:2      | Found a glowing silver altar of Zin.
   869 | D:2      | Reached XP level 3. HP: 36/36 MP: 2/2
  1010 | D:2      | Identified the +0 pair of gloves "Zeimotwu" {rElec Int+3}
  1069 | D:2      | Reached skill level 3 in Unarmed Combat
  1600 | D:3      | Found a transporter.
  1601 | D:3      | Noticed Inner's ghost (amateur NaBe)
  1728 | D:3      | Found a transporter.
  1746 | D:3      | Found a basalt altar of Yredelemnul.
  1842 | D:3      | Found a shimmering blue altar of Sif Muna.
  1945 | D:3      | Reached XP level 4. HP: 44/44 MP: 3/3
  2046 | D:4      | Noticed a centaur
  2056 | D:4      | Killed a centaur
  2057 | D:4      | Reached skill level 4 in Unarmed Combat
  2057 | D:4      | Reached XP level 5. HP: 33/53 MP: 4/4
  2226 | D:4      | Found a staircase to the Ecumenical Temple.
  2263 | Temple   | Entered the Ecumenical Temple
  2481 | D:4      | Found a glowing golden altar of the Shining One.
  2587 | D:4      | Found a transporter.
  2610 | D:4      | Found a transporter.
  2882 | D:4      | Found a burning altar of Makhleb.
  3004 | D:5      | Entered Level 5 of the Dungeon
  3004 | D:5      | Noticed a water moccasin
  3018 | D:5      | HP: 2/53 [poisoned by a water moccasin]
  3019 | D:5      | Slain by a water moccasin

Illustrated notes

Levels and vault maps discovered:
D:1:      erik_arrival_orb_chamber, layout_loops_cross
D:2:      layout_loops_corners, basic_altar, hangedman_decor_growths
D:3:      layout_loops_cross, nicolae_yredelemnul_corpse_copse,
          general_overflow_altar, gammafunk_ghost_stat_death,
          grunt_decor_arrowhead
D:4:      gammafunk_steamed_eel, layout_loops_corners, tso_metal_star,
          lightli_temple_of_fire, temple_pool_b, amethyst_killhole
D:5:      layout_loops_cross, fiery_altar_vehumet, mainiacjoe_overflow_boulevard
Temple:   hellmonk_temple_beads

Skill      XL: |  1  2  3  4 |
---------------+-------------+-----
Shields        | 3 |  3.6
Unarmed Combat | 3 4 |  4.3
Fighting       | 3 |  3.2
Dodging        | |  2.4

Action                   |  1- 3 |  4- 6 || total
-------------------------+-------+-------++-------
Melee: Unarmed           |   110 |    58 ||   168
 Stab: Sleeping          |       |     1 ||     1
Armor: Robe              |    41 |    16 ||    57
Dodge: Dodged            |    33 |    22 ||    55
Block: Kite shield       |    45 |    25 ||    70
